 Dungeon Crawl Stone Soup version 0.28-a0-724-g66f9036eb4 (webtiles) character file.

Game seed: 17136816452532513051

537417 ABBCCCDDDD the Slayer (level 24, -5/333 HPs)
             Began as a Minotaur Gladiator on Oct 26, 2021.
             Was a High Priest of Trog.
             Killed from afar by a black draconian knight (10 damage)
             ... with a bolt of lightning
             ... on level 3 of the Realm of Zot.
             The game lasted 01:27:05 (73261 turns).

ABBCCCDDDD the Slayer (Minotaur Gladiator)         Turns: 73261, Time: 01:27:06

Health: -5/333     AC: 47    Str: 26    XL:     24   Next: 62%
Magic:  22/22      EV: 15    Int:  7    God:    Trog [*****.]
Gold:   4302       SH: 20    Dex: 15    Spells: 23/23 levels left

rFire   + + +      SeeInvis .   v - +9 broad axe (flame)
rCold   + + .      Faith    .   g - +0 kite shield {rF+}
rNeg    . . .      Spirit   .   e - +9 gold dragon scales
rPois   +          Reflect  +   c - +2 hat
rElec   +          Harm     .   o - +2 cloak {rCorr}
rCorr   +          Rampage  .   b - +2 pair of gloves of Gluttony {rElec Will+}
Will    ++++.      Rage     1%  Z - +2 pair of boots
Stlth   ..........              a - amulet of reflection
HPRegen 1.65/turn               W - ring of resist corrosion
MPRegen 0.18/turn               J - ring "Onynoses" {rPois rF+ rC+ Int+4}

@: berserking (expiring), lethally poisoned (-5 -> -8), strong-willed,
regenerating, slowed, studying 2 skills
A: horns 2, retaliatory headbutt, berserk 1, clumsy 1, deterioration 1, dopey 1,
frail 1, screaming 1
}: 3/15 runes: decaying, silver, gossamer
a: Renounce Religion, Berserk, Trog's Hand, Brothers in Arms


You were on level 3 of the Realm of Zot.
You worshipped Trog.
Trog was extremely pleased with you.
You visited 10 branches of the dungeon, and saw 45 of its levels.
You visited the Abyss 1 time.
You also visited: Sewer, Ossuary and Gauntlet.

You collected 7387 gold pieces.
You spent 3085 gold pieces at shops.

Inventory:

Hand Weapons
 v - a +9 broad axe of flaming (weapon)
 G - the +10 dark maul {vorpal}
   (You found it on level 1 of the Orcish Mines)

   It inflicts extra damage upon your enemies.
Missiles
 L - 28 curare-tipped darts (quivered)
Armour
 b - the +2 pair of gloves of Gluttony (worn) {rElec Will+}
   (You acquired it on level 3 of the Depths)

   rElec:     It insulates you from electricity.
   Will:      It increases your willpower.
 c - a +2 hat (worn)
 e - +9 gold dragon scales (worn)
 g - a +0 kite shield of fire resistance (worn)
 o - a +2 cloak of preservation (worn)
 Z - a +2 pair of boots (worn)
Jewellery
 a - an amulet of reflection (around neck)
 f - a ring of protection from cold
 n - a +4 ring of slaying
 z - the ring "Icuol" {Wiz *Corrode rC+++ Dex+3 SInv}
   (You took it off a tengu reaver on level 5 of the Vaults)

   [ring of wizardry]

   It improves your spell success rate.
   Dex:       It affects your dexterity (+3).
   rC:        It renders you almost immune to cold.
   SInv:      It lets you see invisible.
   *Corrode:  It may corrode you when you take damage.
 C - a ring of protection from fire
 J - the ring "Onynoses" (right hand) {rPois rF+ rC+ Int+4}
   (You bought it in a shop on level 8 of the Dungeon)

   [ring of protection from cold]

   Int:       It affects your intelligence (+4).
   rF:        It protects you from fire.
   rC:        It protects you from cold.
   rPois:     It protects you from poison.
 N - a ring of positive energy
 T - a ring of willpower
 U - the ring of the Hare {EV+8}
   (You found it in a Gauntlet)

   [ring of evasion]

   EV:        It affects your evasion (+8).
 W - a ring of resist corrosion (left hand)
Wands
 h - a wand of acid (31)
 s - a wand of flame (64)
 t - a wand of iceblast (86)
 x - a wand of digging (41)
 H - a wand of charming (12)
 K - a wand of paralysis (68)
 O - a wand of mindburst (63)
Scrolls
 l - 5 scrolls of fear
 r - 6 scrolls of blinking
 u - 5 scrolls of holy word
 y - 12 scrolls of fog
 D - 14 scrolls of magic mapping
 E - 25 scrolls of teleportation
 I - 10 scrolls of immolation
 M - 3 scrolls of summoning
 P - 2 scrolls of silence
Potions
 k - 15 potions of attraction
 m - 10 potions of lignification
 p - 5 potions of mutation
 w - 2 potions of resistance
 A - 9 potions of might
 B - 13 potions of curing
 F - 3 potions of cancellation
 S - 10 potions of ambrosia
 V - 2 potions of invisibility
 X - a potion of magic
 Y - 2 potions of flight
Miscellaneous
 d - a lightning rod (4/4)
 i - a tin of tremorstones (2/2)
 j - a phantom mirror
 q - a phial of floods
 Q - a condenser vane
 R - a box of beasts


   Skills:
 + Level 26.9 Fighting
 - Level 15.3(21.7) Axes
 - Level 24.8(26.2) Maces & Flails
 - Level 2.0 Throwing
 + Level 23.3 Armour
 + Level 22.2 Dodging
 - Level 8.0 Stealth
 + Level 18.6 Shields
 - Level 8.0 Evocations


You had 23 spell levels left.
You didn't know any spells.
Your spell library contained the following spells:

 Spells                   Type           Power      Damage    Failure   Level
 Magic Dart               Conj           0%         1d3       99%         1
 Call Imp                 Summ           0%         N/A       100%        2
 Mephitic Cloud           Conj/Pois/Air  0%         N/A       100%        3
 Ozocubu's Armour         Ice            0%         N/A       100%        3
 Ozocubu's Refrigeration  Ice            0%         4d5       100%        7


Dungeon Overview and Level Annotations

Branches:
Dungeon (15/15)            Temple (1/1) D:4            Lair (6/6) D:11
  Swamp (4/4) Lair:4       Spider (4/4) Lair:3          Orc (2/2) D:10
    Elf (1/3) Orc:2        Vaults (5/5) D:13          Crypt (0/3) Vaults:3
 Depths (4/4) D:15            Zot (3/5) Depths:4      Sewer (visited)
Ossuary (visited)         Gauntlet (visited)
  Slime: Lair:5-6

Altars:
Ashenzari
Cheibriados
Dithmenos
Elyvilon
Fedhas
Gozag
Hepliaklqana
Kikubaaqudgha
Makhleb
Nemelex Xobeh
Okawaru
Qazlal
Ru
Sif Muna
Trog
Uskayaw
Vehumet
Wu Jian
Xom
Yredelemnul
Zin
The Shining One

Shops:
D:6 *   D:8 =   Orc:2 :([*   Vaults:3 ?   Depths:2 [:   Depths:4 (

Portals:
Hell: Depths:1 Depths:2 Depths:3 Depths:4
Abyss: Depths:1 Depths:3
Pandemonium: Depths:2
Ziggurat: Depths:3

Annotations:
Lair:3 1 runed translucent door, Ska's ghost, journeyman MiBe
Lair:6 exclusion: oklob plant


Innate Abilities, Weirdness & Mutations

You have a pair of horns on your head.
You reflexively headbutt those who attack you in melee.
You tend to lose your temper in combat.
You are clumsy. (Dex -2)
Your body sometimes deteriorates upon taking damage.
You are dopey. (Int -2)
You are frail. (-10% HP)
You occasionally shout uncontrollably at your foes.


Message History

The purple draconian hits you with a +0 war axe!
* * * LOW HITPOINT WARNING * * *
You closely miss the purple draconian.
The purple draconian is severely wounded.
You barely miss the moth of wrath.
A black draconian knight comes into view.
It is wielding a +1 vorpal long sword.
The purple draconian hits you with a +0 war axe!
* * * LOW HITPOINT WARNING * * *
You block the moth of wrath's attack.
You carve the purple draconian like a ham!!!
You burn the purple draconian!
You kill the purple draconian!
Trog accepts your kill.
You barely miss the moth of wrath.
The black draconian knight gestures wildly while chanting.
The black draconian knight seems to speed up.
You slice the moth of wrath!! You burn the moth of wrath.
You feel the power of Trog in you as your rage grows.
You kill the moth of wrath!
Trog accepts your kill.
The black draconian knight casts a spell.
The black draconian knight flickers and vanishes!
You block the yellow draconian's attack.
You hit the curse toe but do no damage. You headbutt the curse toe.
The curse toe is lightly damaged.
You hear some strange, mumbled words.
A shard of ice appears from out of thin air!
The shard of ice hits you!! You partially resist.
* * * LOW HITPOINT WARNING * * *
A purple draconian comes into view. It is wielding a +0 trident.
Something hits you!
* * * LOW HITPOINT WARNING * * *
You are poisoned.
You feel a strong urge to attack something.
* * * LOW HITPOINT WARNING * * *
You feel very sick.
A bolt of lightning appears from out of thin air!
The bolt of lightning hits the curse toe.
The curse toe resists.
The bolt of lightning hits you! You resist.
You die...

#..⌠..# ##d....### #
#........ .# #### #{.{...
... #+##... #.....####....
###...... #..q°○d.....#
#.##...>. ##○.##z{####.
#..#.....
#...##...#######.#......
........@.........#.....#
°###.....>................
#)....##.##.#########..
#...#..#.#### ##..
###.##.... #... #. .....
#.... .. ....... #.##..
##.(..... ... ..# .......
.... ..#


You could see a yellow draconian, a purple draconian and a curse toe.

Levels and vault maps discovered:
D:1:      lemuel_arrival_broad_hall, layout_basic, serial_forest,
          infiniplex_forest_end_2, infiniplex_forest_end_3,
          infiniplex_forest_lined_corner, infiniplex_forest_corner_1,
          infiniplex_forest_lined_3, infiniplex_forest_clump_curved,
          infiniplex_forest_join, infiniplex_forest_clump_large,
          minmay_pentomino_u4
D:2:      layout_basic, shapermc_ecumenical_altar_totnotflames,
          uniq_crazy_yiuf_cottage, uniq_jessica, uniq_natasha
D:3:      layout_loops_ring
D:4:      layout_loops_ring, kennysheep_mini_moat, temple_doors_ab,
          cheibrodos_sewer_entry_bend, uniq_sigmund, uniq_duvessa, uniq_robin,
          uniq_blork_the_orc
D:5:      layout_rooms
D:6:      layout_gridville, gup_ossuary_entry_pyramid, serial_shops, shop,
          st_stairs_3, minmay_fountain_box, uniq_edmund, uniq_pikel
D:7:      layout_loops_cross, grunt_decor_cap
D:8:      layout_basic, serial_shops, shop_fountains
D:9:      layout_loops_ring, hellmonk_guarded_unrand_staff_of_battle, uniq_erica
D:10:     layout_basic, hiddenorc1_lemuel
D:11:     layout_loops_ring, dpeg_lair_monsters, uniq_nergalle
D:12:     layout_small_grid, uniq_maurice
D:13:     layout_loops_cross, erik_vaults_2, lemuel_flame_loot_1
D:14:     layout_loops_ring, serial_bayou, serial_bayou_pond_d,
          serial_bayou_crossing, serial_bayou_ford_a,
          nicolae_tso_carved_into_rock
D:15:     grunt_enter_depths_giant_problem, layout_cave_pods,
          minmay_misc_feat_more_columns
Temple:   compressed_dpeg_triangle_lava_temple
Lair:1:   minmay_lair_venomous_thicket, layout_gridlike, serial_bayou_shore_a
Lair:2:   layout_chaotic_city, grunt_megastairs_1, infiniplex_staircase_pool_2
Lair:3:   layout_regular_city, nicolae_spider_entry_orb_guardian,
          ebering_ghost_inner_flame
Lair:4:   layout_misc_corridors, skrybe_swamp_entry_bodies, lemuel_fruit_tree,
          lemuel_fruit_fields
Lair:5:   layout_small_grid, gauntlet_entry_generic
Lair:6:   hangedman_lair_tendril_chambers, layout_long_grid,
          minmay_slime_entry_oklob_open, chequers_serial_rivers_micro_d,
          minmay_stone_trees_small, infiniplex_staircase_pool
Swamp:1:  layout_basic_swamp, evilmike_swamp_ruin_rubble_1, swamp_pool2,
          uniq_jorgrun
Swamp:2:  nicolae_swamp_decorative_isthmus, layout_basic_swamp,
          nicolae_swamp_treefoil
Swamp:3:  nicolae_swamp_secret_spriggan_hideout, layout_falls_marsh,
          evilmike_swamp_ruin_house_6
Swamp:4:  swamp_pestilence, layout_basic_swamp
Spider:1: layout_spider_delve, uniq_rupert
Spider:2: layout_spider_delve, nicolae_spider_claw_tunnel
Spider:3: layout_spider_delve, spiders_nest_spider_trap,
          nicolae_spider_cling_halls
Spider:4: grunt_spider_rune_circles, uniq_nikola
Orc:1:    layout_caves, gammafunk_ghost_stat_death
Orc:2:    grunt_orc_gardens, layout_caves, grunt_orc_garden, grunt_orc_garden,
          grunt_orc_garden, grunt_orc_garden
Elf:1:    layout_geoelf_grid, evilmike_minifort
Vaults:1: nicolae_vaults_network_s, st_diamondy, ontoclasm_vaults_bender,
          hangedman_vaults_corner_blocks, v_misc_18, hangedman_vaults_corner,
          v_alt_pattern_2, v_alt_pattern_5, v_pattern_4,
          ontoclasm_vaults_claustrophobia, vaults_dpeg_diagonal, v_misc_16,
          ontoclasm_vaults_twist, layout_vaults_maze_bifur, uniq_donald
Vaults:2: nicolae_vaults_network_quinsquares
          [nicolae_vaults_network_quincunx_subvault,
          nicolae_vaults_network_quincunx_subvault,
          nicolae_vaults_network_quincunx_subvault,
          nicolae_vaults_network_quincunx_subvault],
          nicolae_vaults_little_squares_2, vaults_room_grunt_arrival_checkpoint,
          vaults_mumra_lcd, nicolae_vaults_yaktaur_gun_rack,
          nicolae_vaults_meeting, nicolae_vaults_gold_heap,
          nicolae_vaults_shelves_hall, ontoclasm_vaults_hangar,
          nicolae_vaults_sealed_display, nicolae_vaults_rhombus_6,
          nicolae_vaults_shelves_hall, layout_vaults_omnigrid
Vaults:3: v_misc_30, vaults_room_pools, nicolae_vaults_little_squares_6,
          nicolae_vaults_windows_and_doors_thing, kb_rosetta,
          blue_anna_dwarven_crypt, vaults_mumra_minichess,
          nicolae_vaults_little_squares_6, vaults_standard_mumra_x, v_misc_15,
          layout_vaults_omnibox, serial_shops, shop
Vaults:4: ontoclasm_vaults_ring_large, hangedman_vaults_river_flow,
          nicolae_vaults_three_branches, ontoclasm_vaults_shuriken,
          ontoclasm_vaults_hangar, nicolae_vaults_puzzle_piece,
          hangedman_vaults_slice, hangedman_vaults_corner_blocks, v_misc_16,
          v_misc_10, vaults_mumra_chevron, vaults_mumra_hex,
          grunt_vaults_hallway_short, layout_vaults_omnicross, uniq_mara,
          uniq_aizul
Vaults:5: serial_shops
Depths:1: layout_gridville, hangedman_abyss_or_decor_lesser_grid, abyss_entry,
          serial_rivers, chequers_serial_rivers_room_b,
          chequers_serial_rivers_small_a, chequers_serial_rivers_room_a,
          chequers_serial_rivers_room_b, chequers_serial_rivers_micro_a,
          hell_entry, lemuel_nasty_fountain
Depths:2: grunt_bent_corner, layout_gridlike, grunt_pan_entry_sceptre,
          hell_entry, serial_bayou_shore_b, nicolae_dithmenos_the_darkroom,
          minmay_shop_star, infiniplex_staircase_star, uniq_enchantress
Depths:3: minmay_four_inscribed_fans, layout_honeycomb, enter_ziggurat_e,
          hell_entry, abyss_entry_crystal, serial_rivers,
          chequers_serial_rivers_small_a, chequers_serial_rivers_micro_c,
          chequers_serial_rivers_micro_c, chequers_serial_rivers_micro_c,
          chequers_serial_rivers_large_b, nicolae_lava_and_water
Depths:4: grunt_zot_entry_gee_three, layout_honeycomb, hell_entry, serial_shops,
          shop, drop_trap
Zot:1:    lemuel_acid_trip, layout_onion_interference
Zot:2:    gammafunk_its_a_trap, layout_basic, zot_minivault_8
Zot:3:    layout_onion_interference, st_stairs_14, kennysheep_underground_church

Notes
Turn   | Place    | Note
-------+----------+-------------------------------------------
     0 | D:1      | ABBCCCDDDD the Minotaur Gladiator began the quest for the
                  | Orb.
     0 | D:1      | Reached XP level 1. HP: 18/18 MP: 0/0
   214 | D:1      | Reached XP level 2. HP: 25/25 MP: 1/1
   743 | D:2      | Noticed Jessica
   749 | D:2      | Killed Jessica
   750 | D:2      | Reached skill level 3 in Fighting
   750 | D:2      | Reached XP level 3. HP: 20/31 MP: 2/2
  1009 | D:2      | Found a faded altar of an unknown god.
  1056 | D:2      | Reached skill level 5 in Axes
  1337 | D:2      | Reached XP level 4. HP: 27/40 MP: 3/3
  1561 | D:2      | Noticed Natasha
  1571 | D:2      | Killed Natasha
  1701 | D:2      | Reached skill level 4 in Fighting
  2261 | D:2      | Reached XP level 5. HP: 38/46 MP: 4/4
  2528 | D:2      | Noticed Natasha
  2531 | D:2      | Killed Natasha
  2596 | D:2      | Found a runed translucent door.
  2597 | D:2      | Noticed Crazy Yiuf
  2603 | D:2      | Killed Crazy Yiuf
  3475 | D:4      | Found a staircase to the Ecumenical Temple.
  3508 | Temple   | Entered the Ecumenical Temple
  3805 | Temple   | Became a worshipper of Trog the Wrathful
  3912 | D:4      | Reached XP level 6. HP: 53/53 MP: 5/5
  3916 | D:4      | Noticed Robin
  3921 | D:4      | Killed Robin
  3986 | D:4      | Found a glowing drain.
  4018 | Sewer    | Entered a sewer
  4047 | Sewer    | Reached * piety under Trog
  4087 | Sewer    | Noticed Purgy
  4095 | Sewer    | Killed Purgy
  4096 | Sewer    | Reached skill level 5 in Fighting
  4469 | D:4      | Noticed Blork the orc
  4663 | D:4      | Killed Blork the orc
  4664 | D:4      | Reached XP level 7. HP: 45/61 MP: 6/6
  4792 | D:4      | Reached skill level 6 in Fighting
  4858 | D:4      | Noticed Duvessa
  4863 | D:4      | Noticed Dowan
  4875 | D:4      | Killed Duvessa
  4878 | D:4      | Killed Dowan
  5111 | D:4      | Noticed Sigmund
  5137 | D:4      | HP: 3/64 [something/puff of flame (6)]
  5149 | D:4      | Killed Sigmund
  5150 | D:4      | Reached XP level 8. HP: 24/71 MP: 7/7
  5597 | D:4      | Found a broken altar of Ashenzari.
  5628 | D:5      | Entered Level 5 of the Dungeon
  5663 | D:5      | Reached skill level 7 in Fighting
  5663 | D:5      | Reached skill level 10 in Axes
  5817 | D:5      | Reached ** piety under Trog
  6492 | D:6      | Reached skill level 8 in Fighting
  6613 | D:6      | Reached XP level 9. HP: 82/82 MP: 8/8
  6641 | D:6      | Found Xouc's Assorted Antiques.
  6770 | D:6      | Found a sand-covered staircase.
  6779 | Ossuary  | Entered an ossuary
  6937 | Ossuary  | Reached skill level 9 in Fighting
  7080 | Ossuary  | Reached *** piety under Trog
  8247 | D:6      | Noticed Pikel
  8259 | D:6      | Killed Pikel
  8260 | D:6      | Reached skill level 10 in Fighting
  8260 | D:6      | Reached XP level 10. HP: 93/93 MP: 9/9
  8423 | D:6      | Noticed Edmund
  8436 | D:6      | Killed Edmund
 10173 | D:7      | Reached skill level 15 in Axes
 10561 | D:8      | Reached skill level 11 in Fighting
 11020 | D:8      | Reached skill level 1 in Armour
 11020 | D:8      | Reached skill level 1 in Stealth
 11020 | D:8      | Reached skill level 1 in Evocations
 11126 | D:8      | Found Ficaclih's Jewellery Shop.
 11528 | D:9      | Reached **** piety under Trog
 11573 | D:9      | Noticed a two-headed ogre
 11838 | D:9      | Noticed Erica
 11850 | D:9      | Killed Erica
 11972 | D:9      | Killed a two-headed ogre
 11973 | D:9      | Reached XP level 11. HP: 102/102 MP: 10/10
 12261 | D:9      | Found the +0 staff of Battle
 12604 | D:10     | Entered Level 10 of the Dungeon
 12915 | D:10     | Reached skill level 5 in Dodging
 12990 | D:10     | Reached ***** piety under Trog
 13111 | D:10     | Found a staircase to the Orcish Mines.
 13690 | D:11     | Noticed a two-headed ogre
 13700 | D:11     | Killed a two-headed ogre
 13836 | D:11     | Noticed a death yak
 13837 | D:11     | Found a staircase to the Lair.
 13837 | D:11     | Noticed a death yak
 13838 | D:11     | Noticed a death yak
 13851 | D:10     | Killed a death yak
 14314 | D:11     | Noticed Nergalle
 14325 | D:11     | Reached skill level 5 in Stealth
 14325 | D:11     | Reached skill level 5 in Evocations
 14331 | D:11     | Killed Nergalle
 14332 | D:11     | Reached skill level 12 in Fighting
 14332 | D:11     | Reached skill level 5 in Armour
 14518 | D:10     | Killed a death yak
 14519 | D:10     | Reached skill level 1 in Shields
 14559 | D:11     | Killed a death yak
 15012 | D:12     | Reached XP level 12. HP: 113/113 MP: 11/11
 15312 | D:12     | Noticed Maurice
 15417 | D:12     | Killed Maurice
 15797 | D:13     | Noticed a vault guard
 15797 | D:13     | Noticed a vault guard
 15797 | D:13     | Noticed a vault guard
 15797 | D:13     | Noticed a vault guard
 15798 | D:13     | Found a gate to the Vaults.
 15798 | D:13     | Noticed a vault guard
 15798 | D:13     | Noticed a vault guard
 15798 | D:13     | Noticed a vault guard
 15798 | D:13     | Noticed a vault guard
 15816 | D:13     | Killed a vault guard
 16086 | Lair:1   | Entered Level 1 of the Lair of Beasts
 16411 | D:8      | Bought the ring "Onynoses" {rPois rF+ rC+ Int+4} for 619
                  | gold pieces
 16615 | Lair:1   | Reached skill level 13 in Fighting
 16620 | Lair:1   | Identified the +6 scimitar "Aton" {vorpal, rF- rN+ rCorr
                  | Int+3}
 18052 | Lair:2   | Identified a scroll of acquirement
 18053 | Lair:2   | Acquired a manual of Dodging
 19030 | Lair:3   | Found a runed translucent door.
 19030 | Lair:3   | Noticed a six-headed hydra
 19032 | Lair:3   | Noticed a death yak
 19043 | Lair:3   | Killed a two-headed hydra
 19044 | Lair:3   | Reached skill level 14 in Fighting
 19592 | Lair:3   | Reached skill level 10 in Dodging
 19720 | Lair:3   | Reached XP level 13. HP: 123/123 MP: 12/12
 20159 | Lair:3   | Found a hole to the Spider Nest.
 20915 | Lair:3   | Noticed Ska's ghost (journeyman MiBe)
 21213 | Lair:4   | Received a gift from Trog
 21364 | Lair:4   | Found a staircase to the Swamp.
 22295 | Lair:5   | Reached skill level 15 in Fighting
 22644 | Lair:5   | Found a gate leading to a gauntlet.
 22687 | Gauntlet | Entered a Gauntlet
 22687 | Gauntlet | Found a transporter.
 22697 | Gauntlet | Found a transporter.
 22699 | Gauntlet | Found a transporter.
 22701 | Gauntlet | Found a transporter.
 22714 | Gauntlet | Found a transporter.
 22730 | Gauntlet | Found a transporter.
 22735 | Gauntlet | Found a transporter.
 22750 | Gauntlet | Found a transporter.
 22761 | Gauntlet | Found the +2 cloak of the Thief {*Fog Slay-2 SInv Stlth+}
 22769 | Gauntlet | Found a transporter.
 22781 | Gauntlet | Found a transporter.
 22793 | Gauntlet | Found a transporter.
 22805 | Gauntlet | Found a transporter.
 22817 | Gauntlet | Found a transporter.
 22817 | Gauntlet | Noticed an entropy weaver
 22834 | Gauntlet | Found a transporter.
 22851 | Gauntlet | Noticed a green death
 22852 | Gauntlet | Found a transporter.
 22854 | Gauntlet | Found a transporter.
 22885 | Gauntlet | Found a transporter.
 22887 | Gauntlet | Found a transporter.
 22887 | Gauntlet | Found the ring of the Hare {EV+8}
 23146 | Gauntlet | Killed a green death
 23191 | Gauntlet | Identified the ring "Gublu" {rPois MP+9 Int+7}
 23194 | Gauntlet | Identified the +0 pair of boots "Lumowume" {Str+7}
 23211 | Gauntlet | Noticed a minotaur
 23225 | Gauntlet | Killed a minotaur
 23324 | Gauntlet | Identified the +1 pair of gloves of the Scribe {Fly rPois
                  | Str+8 Dex-2}
 23946 | Lair:6   | Entered Level 6 of the Lair of Beasts
 24164 | Lair:6   | Reached XP level 14. HP: 135/135 MP: 13/13
 24424 | Lair:6   | Reached skill level 16 in Fighting
 24876 | Lair:6   | Reached skill level 17 in Fighting
 25453 | Lair:6   | Reached skill level 5 in Shields
 26280 | Orc:1    | Entered Level 1 of the Orcish Mines
 26487 | Orc:2    | Entered Level 2 of the Orcish Mines
 26487 | Orc:2    | Found a staircase to the Elven Halls.
 26529 | Orc:2    | Found Iwiufa Vipn's General Store.
 26650 | Orc:2    | Found Dexzonn's Antique Armour Emporium.
 26683 | Orc:2    | Noticed an orc warlord
 26961 | Orc:2    | Killed an orc warlord
 26962 | Orc:2    | Reached skill level 18 in Fighting
 27418 | Orc:2    | Found Qupheiqy's Antique Weapon Shoppe.
 27438 | Orc:2    | Found Vyna's Book Shop.
 27755 | Orc:1    | Noticed an orc warlord
 27762 | Orc:1    | Received a gift from Trog
 27777 | Orc:1    | Killed an orc warlord
 27778 | Orc:1    | Reached XP level 15. HP: 97/149 MP: 14/14
 28254 | Orc:1    | Found a transporter.
 28266 | Orc:1    | Found a transporter.
 28309 | Orc:1    | Found the +10 dark maul {vorpal}
 28311 | Orc:1    | Noticed Ziowonau's ghost (journeyman MiFi)
 28452 | Orc:1    | Gained mutation: Armour fits poorly on your strangely
                  | shaped body. [a neqoxec]
 28463 | Orc:1    | Gained mutation: Your body sometimes deteriorates upon
                  | taking damage. [a neqoxec]
 28470 | Orc:1    | Killed Ziowonau's ghost
 28509 | Orc:1    | Identified the -6 helmet of the Rose {rN+ Int+3}
 28743 | D:13     | Reached skill level 1 in Maces & Flails
 28751 | D:13     | Reached skill level 10 in Shields
 29870 | D:13     | Identified the +0 robe of Nuc Wiady {rPois MP-9 Dex+6
                  | Archmagi}
 29997 | D:14     | Received a gift from Trog
 29998 | D:14     | Reached skill level 5 in Maces & Flails
 30096 | D:14     | Found a glowing golden altar of the Shining One.
 31311 | D:15     | Entered Level 15 of the Dungeon
 31372 | D:15     | Found a staircase to the Depths.
 31382 | D:15     | Reached skill level 19 in Fighting
 32378 | Spider:1 | Entered Level 1 of the Spider Nest
 32400 | Spider:1 | Killed a ghost moth
 32400 | Spider:1 | Reached ****** piety under Trog
 32406 | Spider:1 | Noticed Rupert
 32583 | Spider:1 | Killed Rupert
 33115 | Spider:1 | Received a gift from Trog
 33332 | Spider:1 | Reached XP level 16. HP: 144/161 MP: 15/15
 33615 | Spider:1 | Reached skill level 10 in Maces & Flails
 34363 | Spider:2 | Received a gift from Trog
 35087 | Spider:3 | Reached skill level 20 in Fighting
 35718 | Spider:3 | Received a gift from Trog
 36157 | Spider:4 | Entered Level 4 of the Spider Nest
 36211 | Spider:4 | Noticed Nikola
 36222 | Spider:4 | Killed Nikola
 37056 | Spider:4 | Reached XP level 17. HP: 127/171 MP: 16/16
 37593 | Spider:4 | HP: 5/172 [entropy weaver (11)]
 38083 | Spider:4 | Received a gift from Trog
 38715 | Spider:4 | Got a gossamer rune of Zot
 38908 | Swamp:1  | Entered Level 1 of the Swamp
 38936 | Swamp:1  | Reached skill level 15 in Maces & Flails
 39090 | Lair:4   | Lost mutation: Your body sometimes deteriorates upon taking
                  | damage. [potion of mutation]
 39090 | Lair:4   | Lost mutation: Armour fits poorly on your strangely shaped
                  | body. [potion of mutation]
 39090 | Lair:4   | Gained mutation: You occasionally shout uncontrollably at
                  | your foes. [potion of mutation]
 39352 | Swamp:1  | Noticed Jorgrun
 39360 | Swamp:1  | Killed Jorgrun
 39361 | Swamp:1  | Reached skill level 21 in Fighting
 41600 | Swamp:3  | Reached skill level 15 in Shields
 41853 | Swamp:4  | Entered Level 4 of the Swamp
 42143 | Swamp:4  | Received a gift from Trog
 42684 | Swamp:4  | Reached XP level 18. HP: 144/182 MP: 17/17
 43600 | Swamp:4  | Noticed a bone dragon
 43604 | Swamp:4  | Received a gift from Trog
 43619 | Swamp:4  | Killed a bone dragon
 43770 | Swamp:4  | Got a decaying rune of Zot
 44126 | Vaults:1 | Entered Level 1 of the Vaults
 44346 | Vaults:1 | Reached skill level 22 in Fighting
 44639 | Vaults:1 | Found the +7 captain's cutlass {speed, disarm}
 44674 | Vaults:1 | Noticed Donald
 44691 | Vaults:1 | Killed Donald
 44692 | Vaults:1 | Reached skill level 10 in Armour
 47349 | Vaults:2 | Reached XP level 19. HP: 177/191 MP: 18/18
 47486 | Vaults:2 | Reached skill level 15 in Dodging
 47665 | Vaults:2 | Received a gift from Trog
 49685 | Vaults:3 | Received a gift from Trog
 50489 | Vaults:3 | Reached skill level 15 in Armour
 50657 | Vaults:3 | Found a staircase to the Crypt.
 50710 | Vaults:3 | Found Uveamon's Magic Scroll Emporium.
 50717 | Vaults:3 | Bought a scroll of summoning for 161 gold pieces
 50717 | Vaults:3 | Bought a scroll of torment for 127 gold pieces
 50717 | Vaults:3 | Bought a scroll of enchant armour for 127 gold pieces
 50717 | Vaults:3 | Bought a scroll of acquirement for 884 gold pieces
 50717 | Vaults:3 | Bought a scroll of blinking for 127 gold pieces
 50719 | Vaults:3 | Acquired a manual of Armour
 51181 | Vaults:4 | Noticed Aizul
 51194 | Vaults:4 | Killed Aizul
 51704 | Vaults:4 | Received a gift from Trog
 52390 | Vaults:4 | Reached XP level 20. HP: 190/200 MP: 19/19
 52496 | Vaults:4 | Noticed Mara
 52501 | Vaults:4 | Noticed ABBCCCDDDD's illusion
 52517 | Vaults:4 | Killed Mara
 52846 | Vaults:4 | Acquired 828 gold pieces
 53349 | Depths:1 | Entered Level 1 of the Depths
 53406 | Depths:1 | Received a gift from Trog
 54130 | Depths:1 | Found a gateway to Hell.
 54172 | Depths:1 | Found a one-way gate to the infinite horrors of the Abyss.
 54356 | Depths:2 | Found Rehed's Book Emporium.
 54360 | Depths:2 | Found Raeski's Antique Armour Emporium.
 54379 | Depths:2 | Cast into level 2 of the Abyss (a wizard)
 54395 | Depths:2 | Escaped the Abyss
 54557 | Depths:2 | Noticed a juggernaut
 54569 | Depths:2 | Killed a juggernaut
 54774 | Depths:2 | Noticed the Enchantress
 55095 | Depths:2 | Killed the Enchantress
 55148 | Depths:2 | Received a gift from Trog
 55374 | Depths:2 | Identified the amulet of Tyckuq {Faith Rampage rC+ Int+3}
 55747 | Depths:2 | Reached XP level 21. HP: 165/210 MP: 20/20
 56072 | Depths:2 | Received a gift from Trog
 56282 | Depths:2 | Found a one-way gate leading to the halls of Pandemonium.
 56324 | Depths:2 | Reached skill level 23 in Fighting
 56512 | Depths:2 | Found a shadowy altar of Dithmenos.
 56971 | Depths:2 | Noticed a golden dragon
 57298 | Depths:2 | Killed a golden dragon
 57466 | Depths:2 | Received a gift from Trog
 57735 | Depths:2 | Noticed a golden dragon
 57746 | Depths:2 | Killed a golden dragon
 58051 | Depths:3 | Noticed a golden dragon
 58056 | Depths:3 | Noticed a caustic shrike
 58058 | Depths:3 | Noticed a juggernaut
 58446 | Depths:2 | Killed a golden dragon
 58632 | Depths:2 | Killed a caustic shrike
 58684 | Depths:2 | Killed a juggernaut
 59273 | Depths:3 | Reached skill level 24 in Fighting
 59278 | Depths:3 | Reached XP level 22. HP: 220/220 MP: 21/21
 59303 | Depths:3 | Noticed a golden dragon
 59309 | Depths:3 | Killed a golden dragon
 59414 | Depths:3 | Acquired the +2 pair of gloves of Gluttony {rElec Will+}
 59628 | Depths:3 | Identified the +8 broad axe of the End {flame, *Rage rF++
                  | rC+ rN+ Str+4}
 59690 | Depths:3 | Found a gateway to a ziggurat.
 59888 | Depths:3 | Noticed a golden dragon
 59895 | Depths:3 | Killed a golden dragon
 60911 | Depths:4 | Entered Level 4 of the Depths
 61536 | Depths:4 | Found Votawk's Weapon Shoppe.
 61881 | Depths:4 | Noticed a caustic shrike
 61881 | Depths:4 | Noticed a caustic shrike
 61882 | Depths:4 | Noticed a caustic shrike
 61883 | Depths:4 | Noticed a caustic shrike
 61884 | Depths:4 | Noticed a caustic shrike
 61893 | Depths:4 | Killed a caustic shrike
 61896 | Depths:4 | Killed a caustic shrike
 61899 | Depths:4 | Killed a caustic shrike
 61905 | Depths:4 | Killed a caustic shrike
 61906 | Depths:4 | Killed a caustic shrike
 62531 | Depths:4 | Noticed a golden dragon
 62551 | Depths:4 | Killed a golden dragon
 62552 | Depths:4 | Found a gate to the Realm of Zot.
 62917 | Depths:2 | Received a gift from Trog
 63100 | Elf:1    | Entered Level 1 of the Elven Halls
 63905 | Vaults:5 | Entered Level 5 of the Vaults
 63911 | Vaults:5 | Reached skill level 25 in Fighting
 64167 | Vaults:5 | Noticed a golden dragon
 64171 | Vaults:5 | Received a gift from Trog
 64232 | Vaults:5 | Killed a golden dragon
 64633 | Vaults:5 | Reached XP level 23. HP: 172/233 MP: 22/22
 64651 | Vaults:5 | Noticed an ancient lich
 65044 | Vaults:5 | Received a gift from Trog
 65050 | Vaults:5 | Noticed an ancient lich
 65207 | Vaults:5 | Killed an ancient lich
 65563 | Vaults:5 | Gained mutation: You tend to lose your temper in combat. [a
                  | cacodemon]
 65630 | Vaults:5 | Identified the ring "Icuol" {Wiz *Corrode rC+++ Dex+3 SInv}
 65632 | Vaults:5 | Identified the +9 glaive "Mitinon" {elec, Dex+4}
 65638 | Vaults:5 | Killed an ancient lich
 66060 | Vaults:5 | Identified the +2 halberd of Guilt {flame, *Slow rElec
                  | Int+4 Dex+6}
 66487 | Vaults:5 | Got a silver rune of Zot
 66897 | Zot:1    | Entered Level 1 of the Realm of Zot
 67188 | Zot:1    | Received a gift from Trog
 67625 | Zot:1    | Reached skill level 26 in Fighting
 67957 | Zot:1    | Identified the +6 demon whip of Youthful Indiscretion
                  | {flame, Drain Str+8 Stlth-}
 69001 | Zot:1    | Received a gift from Trog
 69394 | Zot:2    | Noticed a curse toe
 69406 | Zot:2    | Killed a curse toe
 69408 | Zot:2    | Reached XP level 24. HP: 245/245 MP: 0/22
 70804 | Zot:2    | HP: 6/215 [quicksilver dragon/bolt of dispelling energy
                  | (27)]
 71164 | Zot:2    | Identified the +10 plate armour "Ciamasui" {rElec Int+3}
 71568 | Zot:2    | Found a transporter.
 71812 | Zot:2    | Found a transporter.
 72294 | Orc:2    | Bought a manual of Armour for 1040 gold pieces
 72656 | Zot:2    | Gained mutation: You are frail. (-10% HP) [mutagenic glow]
 72680 | Zot:2    | Gained mutation: You are clumsy. (Dex -2) [mutagenic glow]
 72686 | Zot:2    | Gained mutation: You are dopey. (Int -2) [mutagenic glow]
 72706 | Zot:2    | Gained mutation: Your body sometimes deteriorates upon
                  | taking damage. [mutagenic glow]
 72794 | Zot:2    | Identified the ring "Ryenimer" {Wiz Dex+6}
 72805 | Zot:2    | Identified the amulet of Qeararoz {RegenMP rCorr}
 73259 | Zot:3    | HP: 14/333 [something/shard of ice (20)]
 73261 | Zot:3    | HP: 5/333 [poisoned by a black draconian knight]
 73261 | Zot:3    | Killed from afar by a black draconian knight

Table legend: (Time is in decaauts)
 A = Elapsed time spent in this place.
 B = Non-inter-level travel time spent in this place.
 C = Inter-level travel time spent in this place.
 D = Time resting spent in this place.
 E = Time spent auto-exploring this place.
 F = Levels seen in this place.
 G = Mean time per level.
                   A        B        C        D        E       F      G
               +--------+--------+--------+--------+--------+-----+--------+
         Total |  73115 |  68483 |   4632 |  21095 |  37323 |  49 | 1492.1 |
       Dungeon |  19221 |  17676 |   1545 |   3685 |  11884 |  15 | 1281.4 |
        Temple |    304 |    254 |     50 |      0 |    237 |   1 |  304.0 |
          Lair |   9977 |   9531 |    446 |   3039 |   5407 |   6 | 1662.8 |
         Swamp |   4900 |   4724 |    176 |   1273 |   2670 |   4 | 1225.0 |
   Spider Nest |   6066 |   5864 |    202 |   2113 |   2690 |   4 | 1516.5 |
  Orcish Mines |   2424 |   2188 |    236 |    878 |    866 |   2 | 1212.0 |
   Elven Halls |    464 |    400 |     64 |     25 |    280 |   1 |  464.0 |
        Vaults |  12005 |  11084 |    921 |   3019 |   6616 |   5 | 2401.0 |
        Depths |   9904 |   9138 |    766 |   3620 |   4136 |   4 | 2476.0 |
           Zot |   5728 |   5507 |    221 |   2828 |   1707 |   3 | 1909.3 |
         Abyss |     23 |     23 |      0 |      0 |     15 |   1 |   23.0 |
         Sewer |    196 |    196 |      0 |      0 |    128 |   1 |  196.0 |
       Ossuary |   1158 |   1158 |      0 |    301 |    638 |   1 | 1158.0 |
      Gauntlet |    738 |    738 |      0 |    312 |     48 |   1 |  738.0 |
               +--------+--------+--------+--------+--------+-----+--------+

Top non-repeatable levels by time:
Depths:2: 4247 daAuts
Vaults:4: 3415 daAuts
   Zot:2: 3060 daAuts
Vaults:1: 2857 daAuts
Spider:3: 2662 daAuts
  Lair:3: 2435 daAuts
Vaults:2: 2364 daAuts
   Zot:1: 2345 daAuts
  Lair:6: 2175 daAuts
     D:2: 2092 daAuts
Depths:4: 2027 daAuts
  Lair:2: 1935 daAuts
Depths:3: 1911 daAuts
Vaults:3: 1842 daAuts
 Swamp:4: 1763 daAuts

Table legend:
 A = Kills in this place as a percentage of kills in entire the game.
 B = Kills by you in this place as a percentage of kills by you in the entire game.
 C = Kills by friends in this place as a percentage of kills by friends in the entire game.
 D = Other kills in this place as a percentage of other kills in the entire game.
 E = Experience gained in this place as a percentage of experience gained in the entire game.
 F = Experience gained in this place divided by the number of levels of this place that you have seen.
                   A       B       C       D       E      F
               +-------+-------+-------+-------+-------+----------------------
         Total | 100.0 | 100.0 | 100.0 | 100.0 | 100.0 | 22185.5
       Dungeon |  16.8 |  16.8 |   0.0 |   0.0 |   4.8 | 3503.0
          Lair |  10.6 |  10.6 |   0.0 |   0.0 |   5.4 | 9721.7
         Swamp |   7.3 |   7.3 |   0.0 |  20.0 |   6.5 | 17590.8
   Spider Nest |  13.0 |  13.0 |   0.0 |  20.0 |   9.5 | 25776.0
  Orcish Mines |   6.2 |   6.2 |   0.0 |  20.0 |   1.8 | 9918.0
   Elven Halls |   0.7 |   0.7 |   0.0 |   0.0 |   0.7 | 7139.0
        Vaults |  19.3 |  19.3 |   0.0 |   0.0 |  28.4 | 61833.2
        Depths |  15.0 |  15.0 |   0.0 |  20.0 |  26.6 | 72242.5
           Zot |   8.3 |   8.2 | 100.0 |  20.0 |  15.8 | 57339.7
         Sewer |   0.3 |   0.3 |   0.0 |   0.0 |   0.0 | 142.0
       Ossuary |   2.0 |   2.0 |   0.0 |   0.0 |   0.1 | 1559.0
      Gauntlet |   0.6 |   0.6 |   0.0 |   0.0 |   0.4 | 3915.0
               +-------+-------+-------+-------+-------+----------------------

Action                   |  1- 3 |  4- 6 |  7- 9 | 10-12 | 13-15 | 16-18 | 19-21 | 22-24 || total
-------------------------+-------+-------+-------+-------+-------+-------+-------+-------++-------
Melee: War axe           |    53 |   138 |   293 |   613 |   793 |       |       |       ||  1890
       Headbutt          |     6 |    16 |    54 |   141 |   282 |   306 |   343 |   373 ||  1521
       Unarmed           |       |     4 |       |       |       |       |       |       ||     4
       Scimitar          |       |       |       |     8 |    12 |       |       |       ||    20
       Broad axe         |       |       |       |       |   238 |  1167 |  1138 |  1210 ||  3753
       Maul              |       |       |       |       |       |       |       |    21 ||    21
Throw: Dart              |       |       |       |     3 |       |       |       |       ||     3
Invok: Berserk           |       |       |     7 |    22 |    23 |    18 |    23 |    13 ||   106
       Trog's Hand       |       |       |     1 |     6 |    14 |    12 |    29 |    26 ||    88
       Brothers in Arms  |       |       |       |       |       |       |     1 |     1 ||     2
Evoke: Wand              |       |       |       |     5 |     6 |     6 |       |     1 ||    18
       Condenser vane    |       |       |       |       |       |     3 |       |     1 ||     4
       Box of beasts     |       |       |       |       |       |     1 |       |     1 ||     2
       Phial of floods   |       |       |       |       |       |       |       |     1 ||     1
       Tin of tremorston |       |       |       |       |       |       |       |     1 ||     1
  Use: Potion            |       |       |     2 |       |       |     8 |     3 |     5 ||    18
       Scroll            |       |       |    11 |    16 |     3 |     6 |    17 |    13 ||    66
 Stab: Paralysed         |       |       |       |       |     4 |     1 |       |       ||     5
       Distracted        |       |       |       |       |       |     1 |       |     2 ||     3
       Petrifying        |       |       |       |       |       |       |     2 |       ||     2
       Confused          |       |       |       |       |       |       |       |     2 ||     2
Armor: Leather armour    |     4 |       |       |       |       |       |       |       ||     4
       Plate armour      |    22 |    83 |   174 |   288 |   325 |   371 |   239 |       ||  1502
       Gold dragon scale |       |       |       |       |       |       |   195 |   636 ||   831
Dodge: Dodged            |    15 |    42 |    73 |   209 |   680 |   615 |   430 |   459 ||  2523
Block: Buckler           |       |       |       |    52 |   154 |       |       |       ||   206
       Kite shield       |       |       |       |       |   180 |   910 |   803 |   902 ||  2795
       Reflection        |       |       |       |       |       |    15 |    36 |    55 ||   106
       Other             |       |       |       |       |       |       |       |    12 ||    12

Vanquished Creatures
  2 ancient liches (Vaults:5)
  Mara (Vaults:4)
  2 juggernauts (Depths:2)
  6 caustic shrikes
  A curse toe (Zot:2)
  the Enchantress (Depths:2)
  15 golden dragons
  Nikola (Spider:4)
  2 electric golems (Zot:2)
  2 bone dragons
  Jorgrun (Swamp:1)
  A walking crystal tome (Depths:2)
  5 liches (Depths:2)
  14 tentacled monstrosities
  Rupert (Spider:1)
  7 titans
  10 quicksilver dragons
  An acid blob (shapeshifter) (Depths:3)
  2 walking divine tomes
  11 death cobs
  5 acid blobs (Zot:1)
  9 sphinxes
  13 tengu reavers
  2 thorn hunters (Swamp:4)
  Donald (Vaults:1)
  13 shadow dragons
  7 storm dragons
  9 fire giants
  A fenstrider witch (Swamp:2)
  5 draconian monks
  An iron dragon (Depths:3)
  A cacodemon (Zot:2)
  16 vault wardens
  8 frost giants
  4 orc warlords
  3 draconian knights
  A ghost moth (shapeshifter) (Depths:2)
  4 draconian scorchers
  Aizul (Vaults:4)
  8 emperor scorpions
  8 ghost moths
  7 draconian annihilators
  2 draconian shifters (Zot:2)
  4 draconian stormcallers
  27 very ugly things
  8 spriggan defenders
  12 stone giants
  15 ironbound preservers
  3 war gargoyles
  7 black draconians
  5 green draconians
  A stone giant (shapeshifter) (Depths:4)
  A deep elf demonologist (Vaults:5)
  4 vampire knights
  21 yellow draconians
  5 white draconians
  A bunyip (shapeshifter) (Depths:2)
  6 red draconians
  6 entropy weavers
  A deep elf annihilator (Vaults:5)
  A lorocyproca (Depths:2)
  5 bunyips
  A minotaur (Gauntlet)
  The ghost of Ziowonau the Severer, a journeyman MiFi of Gozag (Orc:1)
  9 purple draconians
  14 spark wasps
  A crystal guardian (Vaults:1)
  12 dire elephants
  A deep elf death mage (Vaults:1)
  16 ettins
  3 deep elf high priests (Vaults:5)
  4 eleionomae
  A green death (Gauntlet)
  4 fire dragons
  8 great orbs of eyes
  42 vault guards
  6 ironbound thunderhulks
  10 hydras
  A shambling mangrove (Swamp:1)
  2 rakshasas
  2 peacekeepers
  10 ice dragons
  2 death knights (Vaults:3)
  15 yaktaur captains
  2 ogre magi (Vaults:5)
  3 boulder beetles
  Erica (D:9)
  2 ghost crabs (Swamp:4)
  14 spriggan air magi
  11 ironbound frosthearts
  9 centaur warriors
  A catoblepas (Lair:6)
  A dancing weapon (Elf:1)
  3 two-headed ogres
  7 deep troll shamans
  11 alligators
  7 death yaks
  4 tengu warriors
  3 orc high priests (Orc:2)
  13 deep troll earth magi
  7 spriggan berserkers
  2 deep elf knights (Elf:1)
  A shock serpent (shapeshifter) (Depths:3)
  Nergalle (D:11)
  A soul eater (Depths:2)
  5 hell knights (Depths:2)
  A shadow wraith (Vaults:3)
  3 skeletal warriors (D:14)
  55 deep trolls
  2 goliath frogs
  5 spriggan druids
  8 bog bodies
  A fire crab (Lair:6)
  A goliath frog (shapeshifter) (Depths:2)
  3 swamp dragons
  7 iron trolls
  8 wizards
  3 glowing orange brains
  3 spectral hydras (Swamp:4)
  A deep elf archer (Elf:1)
  2 flayed ghosts
  6 harpies (Vaults:1)
  10 phantasmal warriors
  11 ironbound convokers
  Pikel (D:6)
  A harpy (shapeshifter) (Depths:1)
  8 lindwurms
  A wolf spider (shapeshifter) (Vaults:5)
  A necromancer (Vaults:3)
  16 orc knights
  5 deep elf pyromancers
  4 deep elf zephyrmancers
  39 ugly things
  24 orb spiders
  2 will-o-the-wisps
  3 cyclopes
  6 orc sorcerers
  35 wolf spiders
  A salamander (Depths:3)
  A water nymph (shapeshifter) (Vaults:5)
  26 elephants
  A manticore (D:14)
  8 black mambas
  A guardian serpent (Lair:6)
  20 moths of wrath
  Maurice (D:12)
  3 rust devils (Depths:2)
  A guardian serpent (shapeshifter) (Vaults:5)
  A torpor snail (Spider:2)
  3 gargoyles
  3 orange demons
  14 vault sentinels
  19 cane toads
  20 yaktaurs
  3 rime drakes
  11 demonic crawlers
  11 komodo dragons
  5 freezing wraiths
  2 swamp worm zombies (Swamp:4)
  An efreet (D:14)
  4 hydra zombies (Swamp:4)
  3 hellwings (Depths:2)
  An ice devil (Depths:2)
  3 tengu conjurers
  3 meliai
  7 trolls
  42 jumping spiders
  A queen bee (shapeshifter) (Vaults:5)
  A bloated husk (Swamp:4)
  8 tyrant leeches
  A polar bear (Lair:6)
  5 alligator zombies (Swamp:4)
  22 slime creatures
  26 hornets
  13 blink frogs
  A raiju (Gauntlet)
  3 spectral swamp dragons (Swamp:4)
  4 dream sheep (Lair:6)
  A stone giant simulacrum (Vaults:3)
  83 redbacks
  A spriggan (shapeshifter) (D:14)
  Sigmund (D:4)
  13 wyverns
  A shadow (D:12)
  A fire elemental (Elf:1)
  31 spriggans
  A wraith (D:13)
  A ynoxinul (Depths:2)
  2 large abominations (Gauntlet)
  26 tarantellas
  5 water elementals
  28 yaks
  3 steam dragons
  7 basilisks
  A vampire (D:11)
  12 vampire mosquitoes
  A chaos spawn (Depths:2)
  4 neqoxecs (Orc:1)
  Edmund (D:6)
  4 wargs
  17 swamp worms
  An acid dragon (shapeshifter) (Depths:3)
  An acid dragon (D:8)
  25 water moccasins
  Duvessa (D:4)
  Purgy (Sewer)
  31 orc warriors
  A black bear (Lair:5)
  A sky beast (D:6)
  A deep troll simulacrum (Vaults:3)
  An ice beast (shapeshifter) (D:13)
  10 ogres
  5 necrophages
  8 wolves
  11 centaurs
  3 swamp dragon zombies (Swamp:4)
  A human skeleton (Vaults:3)
  2 lemures (D:6)
  5 phantoms (Swamp:4)
  Blork the orc (D:4)
  17 bullfrogs
  An earth elemental (Elf:1)
  16 scorpions
  A gnoll sergeant (D:9)
  Dowan (D:4)
  A water moccasin zombie (D:6)
  14 killer bees
  3 wights (D:9)
  8 electric eels
  6 howler monkeys
  5 small abominations (Gauntlet)
  A bullfrog zombie (D:5)
  2 quasits (Orc:1)
  3 hounds
  7 human zombies (Ossuary)
  6 centaur zombies
  A gnoll shaman (D:6)
  19 jellies
  15 orc priests
  Crazy Yiuf (D:2)
  Jessica (D:2)
  A centaur skeleton (D:4)
  Natasha (twice) (D:2)
  3 iguanas
  11 orc wizards
  4 scorpion zombies
  A spectral swamp drake (Swamp:4)
  8 hell rats
  4 mummies
  Robin (D:4)
  15 gnolls
  A howler monkey skeleton (D:7)
  A swamp drake zombie (Swamp:4)
  21 adders
  A river rat (D:10)
  An adder skeleton (D:4)
  5 worms
  3 dart slugs
  78 orcs
  4 bats
  3 endoplasms
  4 giant cockroaches
  3 gnoll zombies (Ossuary)
  12 goblins
  10 hobgoblins
  7 jackals
  9 kobolds
  A quokka (D:3)
  4 ball pythons
  4 frilled lizards (D:1)
  2 goblin zombies (Ossuary)
  3 hobgoblin zombies (Ossuary)
  A kobold zombie (Ossuary)
  2 orc zombies (Ossuary)
  3 rats
  4 briar patches (Swamp:4)
1923 creatures vanquished.

Vanquished Creatures (collateral kills)
  A draconian shifter (Zot:2)
1 creature vanquished.

Vanquished Creatures (others)
  A purple draconian (Zot:2)
  A spriggan berserker (Depths:4)
  4 bloated husks
  A tarantella (Spider:1)
  An orc (Orc:1)
  2 briar patches (Swamp:4)
  17 demonic plants (Gauntlet)
  8 foxfires
  83 fungi
  104 plants
222 creatures vanquished.

Grand Total: 2146 creatures vanquished
